MLB
ST. LOUIS CARDINALS @ CINCINNATI REDS
08/15/2019
 
TOP OF THE 1ST
St. Louis Cardinals batting - Pitching for Cincinnati Reds : LHP Blake Snell
Pitching: LHP Blake Snell
Batting: SHB Ozzie Albies 0-0: Foul Ball, location: 2F
0-1: Ball
1-1: Ball
2-1: Foul Ball, location: 2F
2-2: Ball
3-2: Foul Ball, location: 2F
3-2: Ground out 5-3 (Groundball, 5S, EV 68.1 MPH)
Batting: RHB Alex Bregman 0-0: Ball
1-0: Ground out 5-3 (Groundball, 56S, EV 86.3 MPH)
Batting: RHB Jose Alberto Martinez 0-0: Ball
1-0: Ball
2-0: SINGLE (Flyball, 34D, EV 94.4 MPH)
Batting: RHB Harrison Bader 0-0: Ground out 4-3 (Groundball, 4, EV 101.9 MPH)
Top of the 1st over - 0 runs, 1 hit, 0 errors, 1 left on base; St. Louis 0 - Cincinnati 0
BOTTOM OF THE 1ST
Cincinnati Reds batting - Pitching for St. Louis Cardinals : RHP Chris Bassitt
Pitching: RHP Chris Bassitt
Batting: LHB Jarrod Dyson 0-0: Ball
1-0: Swinging Strike
1-1: Bunt for hit to P - play at first, batter OUT! 1-3
Batting: LHB Robinson Cano 0-0: Called Strike
0-1: Foul Ball, location: 2F
0-2: Ball
1-2: Fly out, F8 (Flyball, 8LXD, EV 88.8 MPH)
Batting: LHB Gregory Polanco 0-0: Ball
1-0: Ball
2-0: SINGLE (Flyball, 7LM, EV 96.3 MPH)
Batting: LHB Ji-man Choi 0-0: Called Strike
0-1: Swinging Strike
0-2: Ball
Gregory Polanco steals 2nd base
1-2: SINGLE (Groundball, 56D, EV 102.5 MPH)
Gregory Polanco to third
Runner from 3rd tries for Home, SAFE, throw by LF to home
Batting: RHB Trea Turner 0-0: Fly out, F6 (Line Drive, 6, EV 70.0 MPH)
Bottom of the 1st over - 1 run, 2 hits, 0 errors, 1 left on base; St. Louis 0 - Cincinnati 1
TOP OF THE 2ND
St. Louis Cardinals batting - Pitching for Cincinnati Reds : LHP Blake Snell
Batting: LHB Matt Olson 0-0: Ball
1-0: Swinging Strike
1-1: Called Strike
1-2: Ball
2-2: Strikes out swinging
Batting: LHB Brett Phillips 0-0: Ball
1-0: Called Strike
1-1: Foul Ball, location: 2F
1-2: Ball
2-2: Foul Ball, location: 2F
2-2: Ball
3-2: Strikes out looking
Batting: RHB Yan Gomes 0-0: Called Strike
0-1: Ball
1-1: DOUBLE (Line Drive, 78D, EV 106.3 MPH)
Batting: RHB Hernan Perez 0-0: Swinging Strike
0-1: Ball
1-1: Foul Ball, location: 2F
1-2: Strikes out looking
Top of the 2nd over - 0 runs, 1 hit, 0 errors, 1 left on base; St. Louis 0 - Cincinnati 1
BOTTOM OF THE 2ND
Cincinnati Reds batting - Pitching for St. Louis Cardinals : RHP Chris Bassitt
Batting: RHB Phil Ervin 0-0: Foul Ball, location: 2F
0-1: Swinging Strike
0-2: Foul Ball, location: 2F
0-2: Ball
1-2: Foul Ball, location: 2F
1-2: Foul Ball, location: 2F
1-2: Foul Ball, location: 2F
1-2: Ball
2-2: Foul Ball, location: 2F
2-2: Fly out, F7 (Line Drive, 7, EV 100.6 MPH)
Batting: LHB Brian McCann 0-0: Foul Ball, location: 2F
0-1: Ball
1-1: Foul Ball, location: 2F
1-2: SINGLE (Groundball, 4MD, EV 98.1 MPH)
Batting: RHB Kevin Newman 0-0: Swinging Strike
0-1: Called Strike
0-2: Fly out, F8 (Flyball, 78M, EV 80.0 MPH)
Batting: LHB Blake Snell 0-0: Ball
1-0: Fly out, F8 (Flyball, 78S, EV 91.3 MPH)
Bottom of the 2nd over - 0 runs, 1 hit, 0 errors, 1 left on base; St. Louis 0 - Cincinnati 1
TOP OF THE 3RD
St. Louis Cardinals batting - Pitching for Cincinnati Reds : LHP Blake Snell
Batting: RHB Chris Bassitt 0-0: Ball
1-0: Ball
2-0: Ball
3-0: Called Strike
3-1: Foul Ball, location: 2F
3-2: Foul Ball, location: 2F
3-2: Strikes out swinging
Batting: SHB Ozzie Albies 0-0: Swinging Strike
0-1: Ground out 6-3 (Groundball, 6, EV 90.0 MPH)
Batting: RHB Alex Bregman 0-0: Swinging Strike
0-1: Ball
1-1: Swinging Strike
1-2: Foul Ball, location: 2F
1-2: Ball
2-2: Ball
3-2: Ground out 5-3 (Groundball, 56, EV 97.5 MPH)
Top of the 3rd over - 0 runs, 0 hits, 0 errors, 0 left on base; St. Louis 0 - Cincinnati 1
BOTTOM OF THE 3RD
Cincinnati Reds batting - Pitching for St. Louis Cardinals : RHP Chris Bassitt
Batting: LHB Jarrod Dyson 0-0: SINGLE (Line Drive, 6M, EV 98.8 MPH)
Batting: LHB Robinson Cano 0-0: Ball
Jarrod Dyson is caught stealing 2nd base 2-6
1-0: Called Strike
1-1: Foul Ball, location: 2F
1-2: Ball
2-2: SINGLE (Groundball, 56D, EV 95.6 MPH)
Batting: LHB Gregory Polanco 0-0: Ball
1-0: Swinging Strike
1-1: Fielders Choice at 2nd, 4-6 (Groundball, 34, EV 86.9 MPH)
Batting: LHB Ji-man Choi 0-0: Foul Ball, location: 2F
0-1: 2-RUN HOME RUN (Flyball, 7D, EV 106.9 MPH), Distance : 377 ft
Batting: RHB Trea Turner 0-0: Ball
1-0: Ball
2-0: Swinging Strike
2-1: Ground out U3 (Groundball, 34, EV 91.3 MPH)
Bottom of the 3rd over - 2 runs, 3 hits, 0 errors, 0 left on base; St. Louis 0 - Cincinnati 3
TOP OF THE 4TH
St. Louis Cardinals batting - Pitching for Cincinnati Reds : LHP Blake Snell
Batting: RHB Jose Alberto Martinez 0-0: Ball
1-0: Foul Ball, location: 2F
1-1: Ball
2-1: Ball
3-1: SINGLE (Groundball, 4MD, EV 96.3 MPH)
Batting: RHB Harrison Bader 0-0: Ball
1-0: Swinging Strike
1-1: Foul Ball, location: 2F
1-2: Grounds into double play, 5-4-3 (Groundball, 56S, EV 85.6 MPH)
Batting: LHB Matt Olson 0-0: Called Strike
0-1: Called Strike
0-2: Strikes out looking
Top of the 4th over - 0 runs, 1 hit, 0 errors, 0 left on base; St. Louis 0 - Cincinnati 3
BOTTOM OF THE 4TH
Cincinnati Reds batting - Pitching for St. Louis Cardinals : RHP Chris Bassitt
Batting: RHB Phil Ervin 0-0: Ball
1-0: SOLO HOME RUN (Line Drive, 78XD, EV 100.0 MPH), Distance : 395 ft
Batting: LHB Brian McCann 0-0: Foul Ball, location: 2F
0-1: SOLO HOME RUN (Flyball, 9D, EV 103.8 MPH), Distance : 379 ft
Batting: RHB Kevin Newman 0-0: Ball
1-0: Swinging Strike
1-1: Called Strike
1-2: Foul Ball, location: 2F
1-2: Ball
2-2: Ball
3-2: Base on Balls
Batting: LHB Blake Snell 0-0: Ball
1-0: Sac Bunt to 23 - play at first, batter OUT! 3-4
Kevin Newman to second
Batting: LHB Jarrod Dyson 0-0: Ball
1-0: Ball
2-0: Foul Ball, location: 2F
2-1: Ball
3-1: Base on Balls
Batting: LHB Robinson Cano 0-0: Ball
1-0: Called Strike
1-1: Foul Ball, location: 2F
1-2: Ball
2-2: Fielders Choice at 2nd, 1-6 (Groundball, 13S, EV 64.4 MPH)
Kevin Newman to third
Batting: LHB Gregory Polanco 0-0: Ball
1-0: Called Strike
1-1: Ball
2-1: Foul Ball, location: 2F
2-2: Foul Ball, location: 2F
2-2: Ball
3-2: DOUBLE (Line Drive, 89XD, EV 105.0 MPH)
Kevin Newman scores
Robinson Cano to third
Robinson Cano scores
Pitching: RHP Cory Gearrin
Batting: LHB Ji-man Choi 0-0: Ball
1-0: Foul Ball, location: 2F
1-1: Swinging Strike
1-2: Foul Ball, location: 2F
1-2: Strikes out looking
Bottom of the 4th over - 4 runs, 3 hits, 0 errors, 1 left on base; St. Louis 0 - Cincinnati 7
TOP OF THE 5TH
St. Louis Cardinals batting - Pitching for Cincinnati Reds : LHP Blake Snell
Batting: LHB Brett Phillips 0-0: Swinging Strike
0-1: Foul Ball, location: 2F
0-2: Ball
1-2: Foul Ball, location: 2F
1-2: Foul Ball, location: 2F
1-2: Fly out, F8 (Line Drive, 8LM, EV 93.1 MPH)
Batting: RHB Yan Gomes 0-0: Ball
1-0: Swinging Strike
1-1: Ball
2-1: Swinging Strike
2-2: SINGLE (Line Drive, 7S, EV 90.0 MPH)
Batting: RHB Hernan Perez 0-0: Grounds into double play, 6-4-3 (Groundball, 6, EV 84.4 MPH)
Top of the 5th over - 0 runs, 1 hit, 0 errors, 0 left on base; St. Louis 0 - Cincinnati 7
BOTTOM OF THE 5TH
Cincinnati Reds batting - Pitching for St. Louis Cardinals : RHP Cory Gearrin
Batting: RHB Trea Turner 0-0: Called Strike
0-1: Swinging Strike
0-2: Ball
1-2: Foul Ball, location: 2F
1-2: SINGLE (Line Drive, 6D, EV 96.3 MPH)
Batting: RHB Phil Ervin 0-0: DOUBLE (Groundball, 3L, EV 101.9 MPH)
Trea Turner to third
Batting: LHB Brian McCann 0-0: Called Strike
0-1: Ball
Wild Pitch!
Trea Turner scores
Phil Ervin to third
1-1: Ball
2-1: Swinging Strike
2-2: Ball
3-2: Foul Ball, location: 2F
3-2: Foul Ball, location: 2F
3-2: Fly out, F6 (Popup, 6MS, EV 76.9 MPH)
Batting: RHB Kevin Newman 0-0: Called Strike
0-1: Ground out U3 (Groundball, 34, EV 85.6 MPH)
Phil Ervin scores
Batting: LHB Blake Snell 0-0: Fly out, F7 (Flyball, 78D, EV 97.5 MPH)
Bottom of the 5th over - 2 runs, 2 hits, 0 errors, 0 left on base; St. Louis 0 - Cincinnati 9
TOP OF THE 6TH
St. Louis Cardinals batting - Pitching for Cincinnati Reds : LHP Blake Snell
Pinch Hitting: LHB Austin Meadows 0-0: Called Strike
0-1: Swinging Strike
0-2: Ball
1-2: Ball
2-2: Ball
3-2: DOUBLE (Flyball, 8RXD, EV 99.4 MPH)
Batting: SHB Ozzie Albies 0-0: Foul Ball, location: 2F
0-1: Ball
1-1: Ball
2-1: Foul Ball, location: 2F
2-2: Ball
3-2: DOUBLE (Line Drive, 5D, EV 100.6 MPH)
Austin Meadows scores
Batting: RHB Alex Bregman 0-0: Foul Ball, location: 2F
0-1: Called Strike
0-2: Foul Ball, location: 2F
0-2: Strikes out swinging
Batting: RHB Jose Alberto Martinez 0-0: Fly out, F8 (Flyball, 8LS, EV 95.0 MPH)
Batting: RHB Harrison Bader 0-0: Called Strike
0-1: Fly out, F8 (Flyball, 8LM, EV 86.9 MPH)
Top of the 6th over - 1 run, 2 hits, 0 errors, 1 left on base; St. Louis 1 - Cincinnati 9
BOTTOM OF THE 6TH
Cincinnati Reds batting - Pitching for St. Louis Cardinals : RHP Cory Gearrin
Pitching: LHP David Oca
Batting: LHB Jarrod Dyson 0-0: Ground out 6-3 (Groundball, 56D, EV 96.3 MPH)
Batting: LHB Robinson Cano 0-0: Ball
1-0: Ground out U3 (Groundball, 3L, EV 84.4 MPH)
Batting: LHB Gregory Polanco 0-0: Ball
1-0: Called Strike
1-1: Fly out, F9 (Flyball, 89D, EV 96.9 MPH)
Bottom of the 6th over - 0 runs, 0 hits, 0 errors, 0 left on base; St. Louis 1 - Cincinnati 9
TOP OF THE 7TH
St. Louis Cardinals batting - Pitching for Cincinnati Reds : LHP Blake Snell
Batting: LHB Matt Olson 0-0: Called Strike
0-1: Called Strike
0-2: Hit by Pitch
Pitching: RHP Sal Romano
Pinch Hitting: RHB Taylor Ward 0-0: Called Strike
0-1: Ball
1-1: Swinging Strike
1-2: SINGLE (Line Drive, 4MD, EV 95.0 MPH)
Matt Olson to second
Batting: RHB Yan Gomes 0-0: Called Strike
0-1: Ball
1-1: Foul Ball, location: 2F
1-2: Ball
2-2: Strikes out swinging
Batting: RHB Hernan Perez 0-0: Swinging Strike
0-1: Ball
1-1: Swinging Strike
1-2: SINGLE (Line Drive, 4D, EV 94.4 MPH)
Matt Olson to third
Taylor Ward to second
Batting: LHB David Oca 0-0: Grounds into double play, 1-2-3 (Groundball, 34S, EV 66.9 MPH)
Top of the 7th over - 0 runs, 2 hits, 0 errors, 2 left on base; St. Louis 1 - Cincinnati 9
BOTTOM OF THE 7TH
Cincinnati Reds batting - Pitching for St. Louis Cardinals : LHP David Oca
Now in LF: Juan Soto
Batting: LHB Ji-man Choi 0-0: Called Strike
0-1: Foul Ball, location: 2F
0-2: Ball
1-2: SINGLE (Line Drive, 7S, EV 95.0 MPH)
Pinch Hitting: RHB Chad Pinder 0-0: Called Strike
0-1: Fly out, F9 (Line Drive, 9, EV 89.4 MPH)
Batting: RHB Phil Ervin 0-0: Called Strike
0-1: Ball
1-1: Called Strike
1-2: Ball
2-2: Ball
3-2: Fly out, F9 (Flyball, 9, EV 88.1 MPH)
Batting: LHB Brian McCann 0-0: Ball
1-0: Fly out, F9 (Flyball, 9S, EV 84.4 MPH)
Bottom of the 7th over - 0 runs, 1 hit, 0 errors, 1 left on base; St. Louis 1 - Cincinnati 9
TOP OF THE 8TH
St. Louis Cardinals batting - Pitching for Cincinnati Reds : RHP Sal Romano
Now at 3B: Chad Pinder
Batting: SHB Ozzie Albies 0-0: Called Strike
0-1: Ground out 4-3 (Groundball, 4, EV 81.3 MPH)
Batting: RHB Alex Bregman 0-0: Called Strike
0-1: Ball
1-1: Ball
2-1: Foul Ball, location: 2F
2-2: Ball
3-2: Fly out, F3 (Popup, 34S, EV 75.6 MPH)
Batting: RHB Jose Alberto Martinez 0-0: Called Strike
0-1: Ball
1-1: Foul Ball, location: 2F
1-2: Strikes out looking
Top of the 8th over - 0 runs, 0 hits, 0 errors, 0 left on base; St. Louis 1 - Cincinnati 9
BOTTOM OF THE 8TH
Cincinnati Reds batting - Pitching for St. Louis Cardinals : LHP David Oca
Batting: RHB Kevin Newman 0-0: Ball
1-0: Ball
2-0: Ball
3-0: Base on Balls
Batting: LHB Sal Romano 0-0: Sac Bunt to 15 - play at second, runner OUT! 1-6
Batting: LHB Jarrod Dyson 0-0: Ball
1-0: Ball
2-0: Called Strike
2-1: Ball
3-1: Base on Balls
Sal Romano to second
Batting: LHB Robinson Cano 0-0: Ball
1-0: Fielders Choice at 2nd, 1-6 (Groundball, P, EV 78.1 MPH)
Sal Romano to third
Batting: LHB Gregory Polanco 0-0: Swinging Strike
0-1: Foul Ball, location: 2F
0-2: Ball
1-2: Ball
2-2: Ball
3-2: Fly out, F7 (Flyball, 78XD, EV 103.1 MPH)
Bottom of the 8th over - 0 runs, 0 hits, 0 errors, 2 left on base; St. Louis 1 - Cincinnati 9
TOP OF THE 9TH
St. Louis Cardinals batting - Pitching for Cincinnati Reds : RHP Sal Romano
Batting: RHB Harrison Bader 0-0: Called Strike
0-1: Foul Ball, location: 2F
0-2: Ball
1-2: Ball
2-2: Foul Ball, location: 2F
2-2: Ball
3-2: Foul Ball, location: 2F
3-2: Foul Ball, location: 2F
3-2: Strikes out swinging
Batting: LHB Matt Olson 0-0: Called Strike
0-1: Ball
1-1: Foul Ball, location: 2F
1-2: Ball
2-2: Fly out, F8 (Flyball, 8LS, EV 83.8 MPH)
Batting: LHB Juan Soto 0-0: Foul Ball, location: 2F
0-1: Called Strike
0-2: Ball
1-2: Ball
2-2: Foul Ball, location: 2F
2-2: Ball
3-2: SOLO HOME RUN (Flyball, 8LXD, EV 89.4 MPH), Distance : 409 ft
Batting: RHB Yan Gomes 0-0: Called Strike
0-1: Swinging Strike
0-2: Foul Ball, location: 2F
0-2: Strikes out swinging
Top of the 9th over - 1 run, 1 hit, 0 errors, 0 left on base; St. Louis 2 - Cincinnati 9
Tuesday, November 19th, 2019 - OOTP Baseball 20.8 Build 72